 Dungeon Crawl Stone Soup version 0.22.1-2-g9c5b331 (webtiles) character file.

1775 Fang the Chopper (level 9, -9/57 HPs)
             Began as a Gargoyle Berserker on Dec 14, 2018.
             Was a Priest of Trog.
             Mangled by an orc warrior
             ... wielding a +0 trident
              (11 damage)
             ... on level 6 of the Dungeon.
             The game lasted 00:04:18 (5197 turns).

Fang the Chopper (Gargoyle Berserker)               Turns: 5197, Time: 00:04:19

Health: -9/57      AC: 14    Str: 30    XL:     9   Next: 8%
Magic:  9/9        EV: 12    Int:  7    God:    Trog [***...]
Gold:   223        SH:  0    Dex:  9    Spells: 8/8 levels left

rFire    . . .     SeeInvis .   n - +0 war axe
rCold    . . .     Gourm    .   (no shield)
rNeg     + . .     Faith    .   j - +0 ring mail (curse)
rPois    ∞         Spirit   .   (no helmet)
rElec    +         Reflect  .   (no cloak)
rCorr    .         Harm     .   (no gloves)
MR       +....                  (no boots)
Stlth    +.........             (no amulet)
HPRegen  0.19/turn              f - ring of protection from magic
MPRegen  0.11/turn              k - +2 ring of protection

@: mighty, berserk cooldown, hasted and slowed
A: negative energy resistance 1, electricity resistance, unbreathing,
petrification resistance, rot immunity, AC +6
a: Berserk, Trog's Hand, Renounce Religion


You were on level 6 of the Dungeon.
You worshipped Trog.
Trog was most pleased with you.
You were hungry.

You visited 1 branch of the dungeon, and saw 6 of its levels.

You collected 223 gold pieces.

Inventory:

Hand Weapons
 n - a +0 war axe (weapon)
Armour
 j - a cursed +0 ring mail (worn)
Jewellery
 f - a ring of protection from magic (left hand)
 k - a +2 ring of protection (right hand)
Scrolls
 a - 2 scrolls of remove curse {unknown}
 h - 2 scrolls of fog {unknown}
 i - 3 scrolls of magic mapping {unknown}
 l - a scroll of enchant weapon {unknown}
 m - 2 scrolls of teleportation {unknown}
 o - 2 scrolls of identify {unknown}
 p - a scroll of enchant armour {unknown}
 s - a scroll of amnesia {unknown}
Potions
 b - 3 potions of curing {unknown}
 d - a potion of mutation {unknown}
 e - a potion of cancellation {unknown}
 g - a potion of might
 q - a potion of haste
 r - a potion of heal wounds {unknown}
Comestibles
 c - 14 rations


   Skills:
 + Level 7.0 Fighting
 + Level 7.7 Axes
 + Level 5.4 Armour
 + Level 3.3 Dodging
 + Level 0.9 Stealth


You had 8 spell levels left.
You didn't know any spells.
Your spell library was empty.

Dungeon Overview and Level Annotations

Branches:
Dungeon (6/15)
 Temple: D:4-7

Altars:
Makhleb
Qazlal
Trog


Innate Abilities, Weirdness & Mutations

You are resistant to torment.
Your stone body is resilient. (AC +6)
You are immune to poison.
You resist negative energy. (rN+)
You are resistant to electric shocks. (rElec)
You can survive without breathing.
You are immune to petrification.
You are immune to rotting.


Message History

You barely miss the orc warrior.
The orc warrior is heavily wounded.
You hit the orc but do no damage.
An orc comes into view. It is wielding a whip.
The orc warrior hits you with a trident.
* * * LOW HITPOINT WARNING * * *
The orc hits you but does no damage.
Unknown command.
Okay, then.
It was a potion of might.
You feel very mighty all of a sudden.
The orc shouts!
The orc warrior hits you but does no damage.
The orc misses you.
It was a potion of haste.
You feel yourself speed up. The orc warrior misses you.
The orc hits you but does no damage. The orc warrior misses you.
The orc misses you. The orc warrior closely misses you.
The orc warrior hits you from afar with a trident!
You die...

.....................##
....................#.#
....................#.#
...........>.....####.#
....o....)[.....## #.#
........)[.?.....# ###
......o.o[.....##...#
.......o.......# ..##
.......@.......# ##
.................
.............##...
..........#..# #..#
.............# #$.
........###...#
.......## .... ......#
##


You could see an orc warrior and 3 orcs.

Vanquished Creatures
  Pikel (D:5)
  Menkaure (D:5)
  A sky beast (D:5)
  A slave (D:5)
  A phantom (D:5)
  An orc warrior (D:6)
  4 ogres
  A centaur (D:2)
  A scorpion (D:4)
  A jelly (D:5)
  A centaur skeleton (D:5)
  2 bullfrog skeletons (D:5)
  An orc priest (D:6)
  An orc wizard (D:4)
  Crazy Yiuf (D:5)
  Jessica (D:2)
  4 worker ants
  Robin (D:2)
  6 adders
  5 dart slugs
  3 worms
  3 leopard geckos
  14 orcs
  A ball python (D:1)
  3 bats (D:2)
  5 giant cockroaches (D:2)
  9 goblins
  10 hobgoblins
  2 jackals (D:5)
  3 quokkas
  3 frilled lizards
  9 kobolds
  10 rats
111 creatures vanquished.

Vanquished Creatures (others)
  A frilled lizard (D:5)
1 creature vanquished.

Grand Total: 112 creatures vanquished

Notes
Turn   | Place    | Note
-------+----------+-------------------------------------------
     0 | D:1      | Fang the Gargoyle Berserker began the quest for the Orb.
     0 | D:1      | Reached XP level 1. HP: 14/14 MP: 1/1
   188 | D:1      | Reached XP level 2. HP: 14/19 MP: 2/2
   788 | D:2      | Noticed Robin
   788 | D:2      | Noticed an ogre
   797 | D:2      | Reached XP level 3. HP: 13/24 MP: 3/3
   800 | D:2      | Killed an ogre
   800 | D:2      | Reached XP level 4. HP: 9/30 MP: 4/4
   803 | D:2      | Reached ** piety under Trog
   807 | D:2      | Killed Robin
   807 | D:2      | Reached XP level 5. HP: 8/34 MP: 5/5
  1185 | D:2      | Noticed Jessica
  1196 | D:2      | Killed Jessica
  1318 | D:2      | Found a burning altar of Makhleb.
  1320 | D:2      | Noticed a cacodemon
  1324 | D:2      | Noticed a hellwing
  1324 | D:2      | Noticed a ynoxinul
  1381 | D:2      | Noticed a centaur
  1397 | D:2      | Killed a centaur
  1397 | D:2      | Reached XP level 6. HP: 22/40 MP: 6/6
  1874 | D:3      | Found a stormy altar of Qazlal.
  2045 | D:3      | Reached skill level 5 in Fighting
  2514 | D:4      | Found Kemn's Antique Weapon Emporium.
  2789 | D:4      | Reached *** piety under Trog
  3363 | D:4      | Reached skill level 5 in Axes
  3387 | D:4      | Reached XP level 7. HP: 37/44 MP: 7/7
  3733 | D:5      | Entered Level 5 of the Dungeon
  4025 | D:5      | Reached XP level 8. HP: 36/51 MP: 8/8
  4035 | D:5      | Noticed a moth of wrath
  4038 | D:5      | Found a bloodstained altar of Trog.
  4193 | D:5      | Noticed Pikel
  4231 | D:5      | Killed Pikel
  4231 | D:5      | Reached skill level 5 in Armour
  4593 | D:5      | Noticed Menkaure
  4604 | D:5      | Killed Menkaure
  4749 | D:5      | Found a runed door.
  5046 | D:5      | Noticed Crazy Yiuf
  5053 | D:5      | Killed Crazy Yiuf
  5175 | D:6      | Reached XP level 9. HP: 43/56 MP: 9/9
  5193 | D:6      | HP: 1/57 [orc warrior/trident (6)]
  5197 | D:6      | Mangled by an orc warrior

Skill      XL: |  1  2  3  4  5  6  7  8  9 |
---------------+----------------------------+-----
Axes           | 3 4 5 7 |  7.7
Fighting       | 4 5 6 7 |  7.0
Dodging        | 2 3 |  3.3
Armour         | 3 4 5 |  5.4
Stealth        | |  0.9

Action                   |  1- 3 |  4- 6 |  7- 9 || total
-------------------------+-------+-------+-------++-------
Melee: Hand axe          |    54 |   145 |       ||   199
       War axe           |       |    73 |   109 ||   182
Invok: Berserk           |     1 |       |     4 ||     5
  Use: Potion            |       |       |     2 ||     2
  Eat: Chunk             |       |     8 |     6 ||    14
       Ration            |       |       |     1 ||     1
Armor: Animal skin       |    20 |       |       ||    20
       Ring mail         |     9 |   124 |    51 ||   184
Dodge: Dodged            |    30 |   124 |    67 ||   221
